 Dungeon Crawl Stone Soup version 0.30-a0-883-g5ad918d77d (webtiles) character file.

Game seed: 9647160028382142059

125 Pimp the Shield-Bearer (level 5, -9/42 HPs)
             Began as a Formicid Fighter on Mar 15, 2023.
             Engulfed by a cloud of flame (27 damage)
             ... on level 3 of the Dungeon.
             The game lasted 00:02:57 (1878 turns).

Pimp the Shield-Bearer (Formicid Fighter)           Turns: 1878, Time: 00:02:58

Health: -9/42      AC: 11    Str: 23    XL:     5   Next: 30%
Magic:  6/7        EV:  6    Int:  7    God:
Gold:   129        SH:  5    Dex: 13    Spells: 7/7 levels left

rFire   . . .      SeeInvis +    a - +0 war axe
rCold   . . .      Faith    .    c - +0 buckler
rNeg    . . .      Spirit   .    j - +0 plate armour
rPois   .          Reflect  .    (helmet unavailable)
rElec   .          Rampage  .    (no cloak)
rCorr   .                        (no gloves)
Will    .....                    (no boots) Stlth
                                 h - amulet of regeneration
HPRegen 1.07/turn                (no ring)
MPRegen 0.10/turn                (no ring)

@: no status effects
A: permanent stasis, dig shafts and tunnels, antennae 3, four strong arms
a: Dig, Shaft Self


You were on level 3 of the Dungeon.
You visited 1 branch of the dungeon, and saw 3 of its levels.

You collected 129 gold pieces.

Inventory:

Hand Weapons
 a - a +0 war axe (weapon)
Armour
 b - a +0 scale mail
 c - a +0 buckler (worn)
 g - a +0 chain mail
 j - a +0 plate armour (worn)
Jewellery
 h - an amulet of regeneration (around neck)
Wands
 n - a wand of flame (12)
Scrolls
 e - 3 scrolls of identify
 l - a scroll of amnesia
Potions
 d - a potion of might
 f - a potion of magic
 i - 4 potions of curing {unknown}
 k - 2 potions of flight {unknown}


   Skills:
 + Level 4.0 Fighting
 + Level 2.8 Axes
 + Level 4.0 Armour
 + Level 4.9 Shields
 + Level 1.5 Spellcasting


You had 7 spell levels left.
You didn't know any spells.
Your spell library contained the following spells:

 Spells                   Type           Power      Damage    Failure   Level
 Static Discharge         Conj/Air       0%         2-2/arc   100%        2
 Vhi's Electric Charge    Tloc/Air       0%         N/A       100%        3
 Arcjolt                  Conj/Air       0%         1d10      100%        5
 Lightning Bolt           Conj/Air       0%         1d11      100%        5


Dungeon Overview and Level Annotations

Branches:
Dungeon (3/15)

Altars:

Annotations:
D:3 Robin


Innate Abilities, Weirdness & Mutations

You cannot be hasted, slowed, berserked, paralysed or teleported.
You can dig through walls and to a lower floor.
You have a pair of large antennae on your head. (SInv)
Your four strong arms can wield two-handed weapons with a shield.


Message History

The hobgoblin moves out of view.
A goblin, Ijyb and Robin come into view.
Ijyb is wielding a +0 club and carrying a wand of iceblast (8).
Robin is wielding a +1 falchion of holy wrath.
Ijyb shouts!
Robin shouts!
The hobgoblin shouts!
You hear a shout!
A hobgoblin comes into view. x2
Ijyb moves out of view.
The hobgoblin shouts!
You don't know any spells.
As you read the scroll labelled PEISAD JOOTZ, it crumbles to dust.
You hear a loud clanging noise!
It was a scroll of noise.
You hear an angry hiss.
You hear a shout! x4
A hobgoblin comes into view.
An adder comes into view.
The adder hisses angrily.
Robin throws the goblin at you! The goblin hits you but does no damage.
Ijyb screams, "I no like you!" The goblin hits you but does no damage.
You hit the goblin.
You kill the goblin!
As you read the scroll labelled UXTO XEREON, it crumbles to dust.
The creatures around you are filled with an inner flame!
It was a scroll of immolation.
You closely miss the hobgoblin. The hobgoblin hits you.
The hobgoblin hits you but does no damage.
Robin throws Ijyb at you!
You slash Ijyb!
Flame seeps out of Ijyb.
Ijyb is heavily wounded.
You barely miss Ijyb.
Ijyb is heavily wounded.
Ijyb is engulfed in blazing flames.
Ijyb explodes!
The fiery explosion engulfs you!!
Ouch! That really hurt!
Robin says, "Bow before me, strongest of all the hobgoblins!"
Robin hits you but does no damage.
You are engulfed in blazing flames.
Ouch! That really hurt!
You die...

##. #.#......#
{#.. #.#......#
######.##.####..##
.....#..........S#
.....#>.......{gg#
.....#.......{{#g#
)....##.#.####.#g#
.....'......##.#§#
.....##.#.#.##.#@#
.....##.#.#.##.#§#
.....##.#.#.##.#.#
....###.#.#....#.#
...[# #.#.######.#
{ ....# #.... #.#
....# #.... #.#
... #.#


You could see Robin (inner flame), an adder (inner flame) and 3 hobgoblins.

Vanquished Creatures
  Jessica (D:3)
  Ijyb (D:3)
  3 adders
  A worm (D:2)
  A dart slug (D:2)
  2 orcs (D:3)
  3 ball pythons (D:2)
  3 bats
  2 endoplasms (D:2)
  A giant cockroach (D:2)
  3 goblins
  3 hobgoblins
  4 jackals (D:1)
  2 quokkas
  2 frilled lizards
  4 kobolds
  6 rats
42 creatures vanquished.

Vanquished Creatures (others)
  2 fungi (D:1)
  2 plants (D:1)
4 creatures vanquished.

Grand Total: 46 creatures vanquished

Notes
Turn   | Place    | Note
-------+----------+-------------------------------------------
     0 | D:1      | Pimp the Formicid Fighter began the quest for the Orb.
     0 | D:1      | Reached XP level 1. HP: 18/18 MP: 1/1
   150 | D:1      | Found a faded altar of an unknown god.
   372 | D:1      | Reached XP level 2. HP: 24/24 MP: 2/2
  1127 | D:2      | Reached XP level 3. HP: 29/29 MP: 3/3
  1297 | D:2      | Reached XP level 4. HP: 36/36 MP: 5/5
  1670 | D:3      | Reached skill level 1 in Spellcasting
  1820 | D:3      | Noticed Jessica
  1829 | D:3      | Killed Jessica
  1833 | D:3      | Reached XP level 5. HP: 36/42 MP: 6/6
  1864 | D:3      | Noticed Ijyb
  1864 | D:3      | Noticed Robin
  1877 | D:3      | Killed Ijyb
  1878 | D:3      | Engulfed by a cloud of flame

Illustrated notes

Levels and vault maps discovered:
D:1:      roderic_dead_forest, layout_basic,
          shapermc_ecumenical_altar_hornbeckon, minmay_tetromino_t2
D:2:      layout_rooms, minmay_statues_item, minmay_surrounded
D:3:      layout_basic, nicolae_uskayaw_suspiria, nicolae_goblin_pals,
          uniq_jessica, uniq_crazy_yiuf_cottage

Skill      XL: |  1  2  3  4 |
---------------+-------------+-----
Spellcasting   | 1 |  1.5
Fighting       | 4 |  4.0
Armour         | 4 |  4.0
Axes           | |  2.8
Shields        | |  4.9

Action                     |  1- 3 |  4- 6 || total
---------------------------+-------+-------++-------
  Melee: War axe           |    56 |    44 ||   100
Ability: Dig               |     1 |       ||     1
    Use: Scroll            |     2 |     2 ||     4
 Armour: Scale mail        |     4 |       ||     4
         Chain mail        |     2 |       ||     2
         Plate armour      |    49 |    24 ||    73
  Dodge: Dodged            |    23 |    10 ||    33
  Block: Buckler           |    20 |    14 ||    34

Table legend: (Time is in decaauts)
 A = Elapsed time spent in this place.
 B = Non-inter-level travel time spent in this place.
 C = Inter-level travel time spent in this place.
 D = Time resting spent in this place.
 E = Time spent auto-exploring this place.
 F = Levels seen in this place.
 G = Mean time per level.
                   A        B        C        D        E       F      G
               +--------+--------+--------+--------+--------+-----+--------+
         Total |   1921 |   1898 |     23 |    306 |   1219 |   3 |  640.3 |
       Dungeon |   1921 |   1898 |     23 |    306 |   1219 |   3 |  640.3 |
               +--------+--------+--------+--------+--------+-----+--------+

Top non-repeatable levels by time:
     D:1: 1049 daAuts
     D:2: 638 daAuts
     D:3: 232 daAuts
